 Dungeon Crawl Stone Soup version 0.28.0-43-g3370ac3207 (webtiles) character file.

Game seed: 4191694803577994346

80 experimilk the Cudgeller (level 4, -2/37 HPs)
             Began as a Palentonga Abyssal Knight on Mar 17, 2022.
             Was a Follower of Lugonu.
             Slain by Ijyb
             ... wielding a +0 club
              (4 damage)
             ... while paralysed by Ijyb
             ... on level 3 of the Dungeon.
             The game lasted 00:06:51 (2637 turns).

experimilk the Cudgeller (PaAK)                     Turns: 2637, Time: 00:06:52

Health: -2/37      AC:  8    Str: 18    XL:     4   Next: 18%
Magic:  5/5        EV:  1    Int: 11    God:    Lugonu [*.....]
Gold:   58         SH:  0    Dex: 10    Spells: 3/3 levels left

rFire   . . .      SeeInvis +   a - +1 mace
rCold   + . .      Faith    .   (no shield)
rNeg    . . .      Spirit   .   h - +0 plate armour
rPois   .          Reflect  .   (no helmet)
rElec   .          Harm     .   (no cloak)
rCorr   .          Rampage  .   (no gloves)
Will    .....                   (no barding)
Stlth   ..........              (no amulet)
HPRegen 0.12/turn               i - ring of protection from cold
MPRegen 0.09/turn               k - +4 ring of evasion

@: paralysed
A: large, rugged brown scales 3, see invisible, deformed body, roll 1, armoured
tail
a: Rolling Charge, Renounce Religion, Depart the Abyss


You were on level 3 of the Dungeon.
You worshipped Lugonu.
Lugonu was aware of your devotion.
You visited 1 branch of the dungeon, and saw 3 of its levels.
You visited the Abyss 1 time.

You collected 58 gold pieces.

Inventory:

Hand Weapons
 a - a +1 mace (weapon)
Armour
 b - a +0 leather armour
 h - a +0 plate armour (worn)
Jewellery
 i - a ring of protection from cold (left hand)
 k - a +4 ring of evasion (right hand)
 n - a ring of fire
Scrolls
 e - a scroll of noise {unknown}
 f - a scroll of immolation {unknown}
 g - 5 scrolls of identify {unknown}
 m - a scroll of magic mapping {unknown}
 o - a scroll of enchant weapon {unknown}
 p - a scroll of teleportation {unknown}
Potions
 c - a potion of heal wounds {unknown}
 d - a potion of mutation {unknown}
 j - a potion of attraction {unknown}
 l - a potion of berserk rage {unknown}
 q - 2 potions of curing {unknown}


   Skills:
 - Level 3.0 Fighting
 + Level 4.5 Maces & Flails
 - Level 1.5 Armour
 - Level 0.7 Dodging
 - Level 2.0 Invocations


You had 3 spell levels left.
You didn't know any spells.
Your spell library contained the following spells:

 Spells                   Type           Power      Damage    Failure   Level
 Conjure Flame            Conj/Fire      0%         6-21      100%        3
 Ignite Poison            Fire/Tmut/Pois 0%         N/A       100%        3
 Portal Projectile        Hex/Tloc       0%         N/A       100%        3
 Sticky Flame             Conj/Fire      0%         2d3       100%        4
 Blade Hands              Tmut           0%         N/A       100%        5
 Excruciating Wounds      Necr           0%         N/A       100%        5


Dungeon Overview and Level Annotations

Branches:
Dungeon (3/15)

Altars:

Annotations:
D:3 Ijyb


Innate Abilities, Weirdness & Mutations

You are completely covered in rugged brown scales. (AC +3, +7% HP)
You have supernaturally acute eyesight. (SInv)
Armour fits poorly on your strangely shaped body.
You can roll at nearby foes to attack.
You have a long armoured tail.


Message History

You now have 58 gold pieces (gained 16).
Things that are here:
a +0 club; a goblin corpse Ijyb the Twisted Goblin comes into view.
She is wielding a +0 club and carrying a wand of paralysis (7).
Ijyb shouts!
A gnoll comes into view. It is wielding a +0 flail.
Roll where?
Press: ? - help, Q - select action, (/) - cycle Dir - move target, f - Ijyb
Aim: Ijyb, wielding a +0 club, wearing a +0 leather armour and carrying a wand of paralysis (7)
You roll forward with a clatter of scales!
You hit Ijyb.
Ijyb is lightly wounded.
Ijyb zaps a wand.
You suddenly lose the ability to move!
A gnoll opens the door.
Ijyb hits you with a +0 club.
The gnoll hits you from afar with a +0 spear.
You can move again.
You barely miss Ijyb.
Ijyb is lightly wounded.
Ijyb hits you with a +0 club. The gnoll hits you but does no damage.
The gnoll hits you from afar with a +0 spear.
Ijyb zaps a wand.
You shrug off the repeated paralysis!
Unknown command.
You barely miss Ijyb.
Ijyb is lightly wounded.
The gnoll barely misses you. The gnoll completely misses you.
A frilled lizard comes into view.
Ijyb zaps a wand.
You suddenly lose the ability to move!
The gnoll hits you with a +0 flail. The gnoll hits you but does no damage.
Ijyb screams, "Level is mine!
All mine!"
Ijyb hits you with a +0 club. The gnoll hits you with a +0 flail.
The gnoll hits you from afar with a +0 spear.
Ijyb hits you but does no damage. The gnoll hits you with a +0 flail!
* * * LOW HITPOINT WARNING * * *
The gnoll hits you from afar with a +0 spear!
* * * LOW HITPOINT WARNING * * *
Ijyb hits you with a +0 club.
You die...

.# ### ##.# .
#.. ...# .....
#.# #..# ....
..# #..#
#..##.# #..#
...#g# #..#
#####.#'#+#).#
.....lg@.....#
..#####g......#
.)...?..$.....#
/#####........#
#........#
#.......)#
#......#.#
#.#+####.#####
#. ###.....#


You could see Ijyb, 2 gnolls and a frilled lizard.

Vanquished Creatures
  2 gnolls (D:3)
  An adder (D:2)
  A worm (D:3)
  3 dart slugs
  7 ball pythons
  2 endoplasms
  A giant cockroach (D:2)
  2 goblins
  7 hobgoblins
  2 jackals (D:1)
  3 kobolds (D:1)
  2 bats (D:1)
  3 frilled lizards
  4 rats (D:1)
40 creatures vanquished.

Notes
Turn   | Place    | Note
-------+----------+-------------------------------------------
     0 | Abyss:1  | experimilk the Palentonga Abyssal Knight began the quest
                  | for the Orb.
     0 | Abyss:1  | Reached XP level 1. HP: 19/19 MP: 2/2
    93 | Abyss:2  | Noticed a smoke demon
    95 | Abyss:2  | Noticed a raiju
    96 | D:1      | Escaped the Abyss
   436 | D:1      | Reached * piety under Lugonu
   437 | D:1      | Reached XP level 2. HP: 21/25 MP: 3/3
   715 | D:1      | Reached skill level 3 in Maces & Flails
  1039 | D:1      | Reached XP level 3. HP: 26/31 MP: 4/4
  1387 | D:1      | Found a faded altar of an unknown god.
  1780 | D:2      | Reached skill level 4 in Maces & Flails
  2255 | D:3      | Reached XP level 4. HP: 28/37 MP: 5/5
  2629 | D:3      | Noticed Ijyb
  2631 | D:3      | Paralysed by Ijyb for 2 turns
  2634 | D:3      | Paralysed by Ijyb for 7 turns
  2637 | D:3      | Slain by Ijyb

Illustrated notes

Levels and vault maps discovered:
D:1:      dpeg_arrival_shrine, layout_basic, ebering_ecumenical_altar_petrified
D:2:      layout_basic, minmay_box_of_dots
D:3:      layout_basic, mainiacjoe_overflow_catwalk, uniq_ijyb, uniq_sigmund

Skill      XL: |  1  2  3 |
---------------+----------+-----
Maces & Flails | 3 4 |  4.5
Fighting       | |  3.0
Armour         | |  1.5
Dodging        | |  0.7
Invocations    | |  2.0

Action                   |  1- 3 |  4- 6 || total
-------------------------+-------+-------++-------
Melee: Mace              |    81 |    12 ||    93
       Tailslap          |    12 |     2 ||    14
Invok: Depart the Abyss  |     1 |       ||     1
 Abil: Rolling Charge    |    18 |     2 ||    20
Armor: Leather armour    |    16 |       ||    16
       Plate armour      |    19 |     7 ||    26
Dodge: Dodged            |    33 |     2 ||    35
